 Dungeon Crawl Stone Soup version 0.24.0-123-gd5b16e6ec5 (webtiles) character file.

Game seed: 11735504889806659284, levelgen mode: deterministic

64 ReteAZ the Shield-Bearer (level 4, 0/35 HPs)
             Began as a Human Fighter on Jan 7, 2020.
             Succumbed to Robin's poison
             ... on level 2 of the Dungeon.
             The game lasted 00:02:38 (1563 turns).

ReteAZ the Shield-Bearer (Human Fighter)            Turns: 1563, Time: 00:02:39

Health: 0/35       AC:  6    Str: 17    XL:     4   Next: 32%
Magic:  4/4        EV:  7    Int:  8    God:
Gold:   68         SH:  9    Dex: 13    Spells: 3/3 levels left

rFire    . . .     SeeInvis .   a - +0 long sword
rCold    . . .     Gourm    .   c - +0 shield
rNeg     . . .     Faith    .   b - +0 scale mail
rPois    .         Spirit   .   (no helmet)
rElec    .         Reflect  .   (no cloak)
rCorr    .         Harm     .   (no gloves)
MR       .....                  (no boots)
Stlth    ..........             (no amulet)
HPRegen  0.11/turn              (no ring)
MPRegen  0.09/turn              (no ring)

@: lethally poisoned (0 -> -32)
A: no striking features
a: no special abilities


You were on level 2 of the Dungeon.
You were not hungry.

You visited 1 branch of the dungeon, and saw 2 of its levels.

You collected 68 gold pieces.

Inventory:

Hand Weapons
 a - a +0 long sword (weapon)
Armour
 b - a +0 scale mail (worn)
 c - a +0 shield (worn)
 k - a +1 pair of gloves
Scrolls
 e - a scroll of teleportation {unknown}
 h - 3 scrolls of identify {unknown}
 i - a scroll of fog {unknown}
 j - a scroll of immolation {unknown}
Comestibles
 f - 3 rations


   Skills:
 + Level 3.4 Fighting
 * Level 3.1 Long Blades
 + Level 3.4 Armour
 + Level 3.4 Shields


You had 3 spell levels left.
You didn't know any spells.
Your spell library was empty.

Dungeon Overview and Level Annotations

Branches:
Dungeon (2/15)

Altars:
Elyvilon
Nemelex Xobeh

Annotations:
D:2 Robin


Message History

Robin is heavily wounded.
You feel very sick.
Robin hits you with a +3 dagger of venom.
You are more poisoned.
Your scale mail prevents you from hitting Robin.
Robin is heavily wounded.
You feel very sick.
A rat comes into view.
Robin barely misses you.
You riposte.
Your shield and scale mail prevent you from hitting Robin.
Robin is heavily wounded.
The rat moves out of view.
* * * LOW HITPOINT WARNING * * *
You feel very sick.
* * * LOW HITPOINT WARNING * * *
You feel sick.
* * * LOW HITPOINT WARNING * * *
You feel very sick.
The hobgoblin no longer looks unusually strong.
You die...

#.###...##.#.# ####.##
#.#####.##...# ##..(.g#
#.....#..#.## ##....g.)
#...l##)# ###......<.
#... #.# .........)..
###...##g##..###........
#.......g...# #........
##...##.#### #......[.
#...<@.# ##.......
#...#.....# ##....##
.?....g##....# ######
####..g #....# ####
#.(..# ♣ ######


P You could see Robin and a hobgoblin.

Vanquished Creatures
  2 adders (D:1)
  An ooze (D:1)
  A leopard gecko (D:1)
  A ball python (D:1)
  10 goblins
  7 hobgoblins
  A jackal (D:1)
  2 bats
  2 frilled lizards
  8 kobolds
  3 rats
38 creatures vanquished.

Vanquished Creatures (others)
  A quokka (D:2)
1 creature vanquished.

Grand Total: 39 creatures vanquished

Notes
Turn   | Place    | Note
-------+----------+-------------------------------------------
     0 | D:1      | ReteAZ the Human Fighter began the quest for the Orb.
     0 | D:1      | Reached XP level 1. HP: 18/18 MP: 1/1
    78 | D:1      | Reached XP level 2. HP: 22/24 MP: 2/2
   418 | D:1      | Found a sparkling altar of Nemelex Xobeh.
   583 | D:1      | Reached XP level 3. HP: 26/29 MP: 3/3
   763 | D:2      | Noticed Robin
  1006 | D:2      | Found a white marble altar of Elyvilon.
  1039 | D:1      | Reached XP level 4. HP: 5/35 MP: 4/4
  1563 | D:2      | Succumbed to Robin's poison

Levels and vault maps discovered:
D:1:      dpeg_arrival_brainrot, layout_basic, nrook_mini_backslash,
          nemelex_diamond_rough_becter
D:2:      layout_rooms, lightli_temple_of_fire,
          minmay_overflow_temple_star_quad, elyvilon_altar_4, first_ration,
          roderic_serpentine_path, lexackson_kobold_supper, uniq_jessica,
          uniq_robin, uniq_sigmund

Skill      XL: |  1  2  3  4 |
---------------+-------------+-----
Long Blades    | 3 |  3.1
Fighting       | |  3.4
Armour         | |  3.4
Shields        | |  3.4

Action                   |  1- 3 |  4- 6 || total
-------------------------+-------+-------++-------
Melee: Long sword        |   101 |    27 ||   128
  Use: Potion            |     2 |       ||     2
  Eat: Chunk             |       |     2 ||     2
Armor: Scale mail        |    63 |    12 ||    75
Dodge: Dodged            |    47 |    11 ||    58
Block: Shield            |    71 |    10 ||    81
       Rpst.: Long sword |    15 |     5 ||    20
